SAAA
SIOUX FALLS RED PANDAS @ TORTOLITA DRUMMERS
08/09/2027
 
TOP OF THE 1ST
Sioux Falls Red Pandas batting - Pitching for Tortolita Drummers : RHP Jim Unknown
Pitching: RHP Jim Unknown
Batting: LHB Fa-tang Wang 0-0: SINGLE (Line Drive, 8LS)
Batting: RHB Arturo Scantlebury 0-0: Ball
1-0: Fly out, F9 (Line Drive, 9LM)
Batting: RHB Jesús Vásquez 0-0: Called Strike
0-1: Called Strike
Fa-tang Wang steals 2nd base
0-2: Ball
1-2: Ball
2-2: Foul Ball, location: 2F
2-2: SINGLE (Groundball, 34D)
Fa-tang Wang to third
Runner from 3rd tries for Home, SAFE, no throw
Batting: RHB Apu Nahasapeemapetilon 0-0: Called Strike
Jesús Vásquez steals 2nd base
0-1: Called Strike
0-2: Strikes out swinging
Batting: LHB Homer Spence 0-0: Ball
1-0: Ball
2-0: SINGLE (Line Drive, 78S)
Jesús Vásquez to third
Runner from 3rd tries for Home, SAFE, no throw
Batting: RHB Kenneth Noid 0-0: Called Strike
0-1: Ball
1-1: SINGLE (Line Drive, 78S)
Homer Spence to second
Batting: LHB Francisco Ortega 0-0: Ball
1-0: Ball
2-0: Called Strike
2-1: Fly out, F8 (Line Drive, 8LS)
Top of the 1st over - 2 run(s), 4 hit(s), 0 error(s), 2 left on base; Sioux Falls 2 - Tortolita 0
BOTTOM OF THE 1ST
Tortolita Drummers batting - Pitching for Sioux Falls Red Pandas : LHP Ordono Lima
Pitching: LHP Ordono Lima
Batting: RHB Sean Godron 0-0: Ball
1-0: Ball
2-0: Ground out 6-3 (Groundball, 56)
Batting: RHB Nathan Horton 0-0: Ball
1-0: Foul Ball, location: 2F
1-1: Ball
2-1: Ball
3-1: SINGLE (Groundball, 6MD)
Batting: LHB Jesús Morales 0-0: Foul Ball, location: 2F
0-1: SINGLE (Groundball, 34S) (infield hit)
Nathan Horton to second
Batting: RHB Eddie O'Bryan 0-0: Called Strike
0-1: Foul Ball, location: 2F
0-2: Ball
1-2: Foul Ball, location: 2F
1-2: Ball
2-2: Fly out, F8 (Flyball, 8RS)
Batting: RHB Stephen Blair 0-0: Ball
1-0: Called Strike
1-1: Ball
2-1: Called Strike
2-2: Ball
3-2: Foul Ball, location: 2F
3-2: Ground out 6-3 (Groundball, 6)
Bottom of the 1st over - 0 run(s), 2 hit(s), 0 error(s), 2 left on base; Sioux Falls 2 - Tortolita 0
TOP OF THE 2ND
Sioux Falls Red Pandas batting - Pitching for Tortolita Drummers : RHP Jim Unknown
Batting: LHB Augustus Driscoll 0-0: Ball
1-0: Called Strike
1-1: Hit by Pitch
Batting: RHB Rhett Barry 0-0: Called Strike
0-1: SINGLE (Groundball, 6D)
Augustus Driscoll to second
Batting: LHB Fa-tang Wang 0-0: Ball
1-0: Fielders Choice at 2nd, 1-4 (Groundball, 15)
Augustus Driscoll to third
Batting: RHB Arturo Scantlebury 0-0: Ball
1-0: Ball
2-0: SINGLE (Line Drive, 7S)
Augustus Driscoll scores
Fa-tang Wang to second
Batting: RHB Jesús Vásquez 0-0: Ball
1-0: Foul Ball, location: 2F
1-1: Ball
2-1: SINGLE (Flyball, 89S)
Fa-tang Wang to third
Arturo Scantlebury to second
Runner from 3rd tries for Home, SAFE, no throw
Batting: RHB Apu Nahasapeemapetilon 0-0: Foul Ball, location: 2F
0-1: Ball
1-1: Ball
2-1: Foul Ball, location: 2F
2-2: Strikes out swinging
Batting: LHB Homer Spence 0-0: Called Strike
0-1: Foul Ball, location: 2F
0-2: Strikes out swinging
Top of the 2nd over - 2 run(s), 3 hit(s), 0 error(s), 2 left on base; Sioux Falls 4 - Tortolita 0
BOTTOM OF THE 2ND
Tortolita Drummers batting - Pitching for Sioux Falls Red Pandas : LHP Ordono Lima
Batting: RHB Dave King 0-0: Ball
1-0: Foul Ball, location: 2F
1-1: Ball
2-1: Ball
3-1: Base on Balls
Batting: LHB Carl Gore 0-0: Ball
1-0: Ball
2-0: Swinging Strike
2-1: Foul Ball, location: 2F
2-2: Ball
3-2: Base on Balls
Dave King to second
Batting: RHB Gilberto Juárez 0-0: Ball
1-0: Swinging Strike
1-1: Foul Ball, location: 2F
1-2: Strikes out looking
Batting: RHB Miguel Canales 0-0: Ball
1-0: Foul Ball, location: 2F
1-1: Ball
2-1: Ball
3-1: Base on Balls
Dave King to third
Carl Gore to second
Batting: RHB Sean Godron 0-0: Ball
1-0: Called Strike
1-1: Ball
2-1: SINGLE (Flyball, 89S)
Dave King scores
Carl Gore to third
Miguel Canales to second
Batting: RHB Nathan Horton 0-0: SINGLE (Line Drive, 4D)
Carl Gore scores
Miguel Canales to third
Sean Godron to second
Batting: LHB Jesús Morales 0-0: Ball
1-0: Fly out, F8 (Flyball, 8RM)
Runner from 3rd tags up, SCORES, no throw
Batting: RHB Eddie O'Bryan 0-0: Ball
1-0: Foul Ball, location: 2F
1-1: Foul Ball, location: 2F
1-2: Foul Ball, location: 2F
1-2: Fly out, F5 (Popup, 5S)
Bottom of the 2nd over - 3 run(s), 2 hit(s), 0 error(s), 2 left on base; Sioux Falls 4 - Tortolita 3
TOP OF THE 3RD
Sioux Falls Red Pandas batting - Pitching for Tortolita Drummers : RHP Jim Unknown
Batting: RHB Kenneth Noid 0-0: Swinging Strike
0-1: Swinging Strike
0-2: Ball
1-2: Ball
2-2: Ball
3-2: Strikes out looking
Batting: LHB Francisco Ortega 0-0: Ball
1-0: Ground out U3 (Groundball, 3)
Batting: LHB Augustus Driscoll 0-0: Ball
1-0: Called Strike
1-1: Foul Ball, location: 2F
1-2: Foul Ball, location: 2F
1-2: Strikes out looking
Top of the 3rd over - 0 run(s), 0 hit(s), 0 error(s), 0 left on base; Sioux Falls 4 - Tortolita 3
BOTTOM OF THE 3RD
Tortolita Drummers batting - Pitching for Sioux Falls Red Pandas : LHP Ordono Lima
Batting: RHB Stephen Blair 0-0: Ball
1-0: Ball
2-0: Ball
3-0: Called Strike
3-1: Foul Ball, location: 2F
3-2: Foul Ball, location: 2F
3-2: Fly out, F7 (Flyball, 7LMF)
Batting: RHB Dave King 0-0: Ball
1-0: Ball
2-0: Ball
3-0: Called Strike
3-1: Base on Balls
Batting: LHB Carl Gore 0-0: Ball
1-0: Ball
2-0: Foul Ball, location: 2F
2-1: Ball
3-1: Base on Balls
Dave King to second
Batting: RHB Gilberto Juárez 0-0: Ball
1-0: Foul Ball, location: 2F
1-1: DOUBLE (Line Drive, 9D)
Dave King scores
Carl Gore to third
Batting: RHB Miguel Canales 0-0: Ball
1-0: Ball
2-0: Foul Ball, location: 2F
2-1: Ball
3-1: SINGLE (Groundball, 6MD)
Carl Gore scores
Gilberto Juárez to third
Throwing error, E8
Gilberto Juárez scores
Miguel Canales to second
Batting: RHB Sean Godron 0-0: Hit by Pitch
Batting: RHB Nathan Horton 0-0: Foul Ball, location: 2F
0-1: Swinging Strike
0-2: Ball
1-2: Foul Ball, location: 2F
1-2: Fly out, F9 (Flyball, 89M)
Pitching: RHP Jim Unknown
Batting: LHB Jesús Morales 0-0: Called Strike
0-1: Ball
1-1: Ball
2-1: Hit by Pitch
Miguel Canales to third
Sean Godron to second
Batting: RHB Eddie O'Bryan 0-0: Ball
1-0: Ball
2-0: Ball
3-0: Base on Balls
Miguel Canales scores
Sean Godron to third
Jesús Morales to second
Batting: RHB Stephen Blair 0-0: Ball
1-0: Ball
2-0: Ball
3-0: Base on Balls
Sean Godron scores
Jesús Morales to third
Eddie O'Bryan to second
Batting: RHB Dave King 0-0: SINGLE (Groundball, 34D)
Jesús Morales scores
Eddie O'Bryan to third
Stephen Blair to second
Runner from 3rd tries for Home, SAFE, no throw
Batting: LHB Carl Gore 0-0: Foul Ball, location: 2F
0-1: Fly out, F4 (Popup, 3D)
Bottom of the 3rd over - 7 run(s), 3 hit(s), 1 error(s), 2 left on base; Sioux Falls 4 - Tortolita 10
TOP OF THE 4TH
Sioux Falls Red Pandas batting - Pitching for Tortolita Drummers : RHP Jim Unknown
Batting: RHB Rhett Barry 0-0: Foul Ball, location: 2F
0-1: SINGLE (Flyball, 78S)
Batting: LHB Fa-tang Wang 0-0: DOUBLE (Line Drive, 9LM)
Rhett Barry to third
Batting: RHB Arturo Scantlebury 0-0: Called Strike
0-1: Called Strike
0-2: Ball
1-2: Strikes out swinging
Batting: RHB Jesús Vásquez 0-0: Ball
1-0: Called Strike
1-1: Ball
2-1: Fly out, F7 (Flyball, 78S)
Batting: RHB Apu Nahasapeemapetilon 0-0: Ball
1-0: Foul Ball, location: 2F
1-1: Called Strike
1-2: Ball
2-2: Ball
3-2: Base on Balls
Batting: LHB Homer Spence 0-0: Ball
1-0: Ball
2-0: Ball
3-0: Base on Balls
Rhett Barry scores
Fa-tang Wang to third
Apu Nahasapeemapetilon to second
Batting: RHB Kenneth Noid 0-0: Called Strike
0-1: Ball
1-1: Called Strike
1-2: Strikes out swinging
Top of the 4th over - 1 run(s), 2 hit(s), 0 error(s), 3 left on base; Sioux Falls 5 - Tortolita 10
BOTTOM OF THE 4TH
Tortolita Drummers batting - Pitching for Sioux Falls Red Pandas : RHP Jim Unknown
Batting: RHB Gilberto Juárez 0-0: Foul Ball, location: 2F
0-1: Fly out, F6 (Popup, 6D)
Batting: RHB Miguel Canales 0-0: Fly out, F7 (Flyball, 7)
Batting: RHB Sean Godron 0-0: Called Strike
0-1: Ball
1-1: Foul Ball, location: 2F
1-2: Strikes out swinging
Bottom of the 4th over - 0 run(s), 0 hit(s), 0 error(s), 0 left on base; Sioux Falls 5 - Tortolita 10
TOP OF THE 5TH
Sioux Falls Red Pandas batting - Pitching for Tortolita Drummers : RHP Jim Unknown
Batting: LHB Francisco Ortega 0-0: Fly out, F6 (Line Drive, 6M)
Batting: LHB Augustus Driscoll 0-0: Ground out 3-1 (Groundball, 34)
Batting: RHB Rhett Barry 0-0: Foul Ball, location: 2F
0-1: Swinging Strike
0-2: Ground out 6-3 (Groundball, 6)
Top of the 5th over - 0 run(s), 0 hit(s), 0 error(s), 0 left on base; Sioux Falls 5 - Tortolita 10
BOTTOM OF THE 5TH
Tortolita Drummers batting - Pitching for Sioux Falls Red Pandas : RHP Jim Unknown
Batting: RHB Nathan Horton 0-0: Ball
1-0: Called Strike
1-1: Ball
2-1: Ball
3-1: Base on Balls
Batting: LHB Jesús Morales 0-0: Called Strike
0-1: Ball
1-1: Foul Ball, location: 2F
1-2: Fly out, F8 (Flyball, 8LM)
Batting: RHB Eddie O'Bryan 0-0: Ball
1-0: Ball
2-0: Ball
3-0: Base on Balls
Nathan Horton to second
Batting: RHB Stephen Blair 0-0: Called Strike
0-1: Ball
1-1: Ball
2-1: Foul Ball, location: 2F
2-2: Ball
3-2: Foul Ball, location: 2F
3-2: Foul Ball, location: 2F
3-2: Fly out, F8 (Line Drive, 8RS)
Batting: RHB Dave King 0-0: Foul Ball, location: 2F
0-1: Swinging Strike
0-2: Ball
1-2: Ball
2-2: Fly out, F8 (Flyball, 8RS)
Bottom of the 5th over - 0 run(s), 0 hit(s), 0 error(s), 2 left on base; Sioux Falls 5 - Tortolita 10
TOP OF THE 6TH
Sioux Falls Red Pandas batting - Pitching for Tortolita Drummers : RHP Jim Unknown
Batting: LHB Fa-tang Wang 0-0: Reached on error, E4 (Popup, 4MS)
Batting: RHB Arturo Scantlebury 0-0: Ball
Fa-tang Wang steals 2nd base
1-0: Ball
2-0: Fly out, F9 (Line Drive, 9D)
Runner from 2nd tags up, SAFE at 3rd, no throw
Batting: RHB Jesús Vásquez 0-0: Swinging Strike
0-1: Foul Ball, location: 2F
0-2: Ball
1-2: Ball
2-2: Foul Ball, location: 2F
2-2: Ball
3-2: Fly out, F8 (Flyball, 8LM)
Runner from 3rd tags up, SCORES, no throw
Batting: RHB Apu Nahasapeemapetilon 0-0: SINGLE (Flyball, 9S)
Batting: LHB Homer Spence 0-0: Called Strike
0-1: Ball
1-1: Called Strike
1-2: Ball
2-2: Strikes out swinging
Top of the 6th over - 1 run(s), 1 hit(s), 1 error(s), 1 left on base; Sioux Falls 6 - Tortolita 10
BOTTOM OF THE 6TH
Tortolita Drummers batting - Pitching for Sioux Falls Red Pandas : RHP Jim Unknown
Pitching: RHP Isei Sugimoto
Batting: LHB Carl Gore 0-0: Called Strike
0-1: Called Strike
0-2: Strikes out swinging
Batting: RHB Gilberto Juárez 0-0: Called Strike
0-1: Ball
1-1: Ball
2-1: Ball
3-1: Fly out, F9 (Flyball, 9S)
Batting: RHB Miguel Canales 0-0: Ball
1-0: Swinging Strike
1-1: Called Strike
1-2: Strikes out swinging
Bottom of the 6th over - 0 run(s), 0 hit(s), 0 error(s), 0 left on base; Sioux Falls 6 - Tortolita 10
TOP OF THE 7TH
Sioux Falls Red Pandas batting - Pitching for Tortolita Drummers : RHP Jim Unknown
Batting: RHB Kenneth Noid 0-0: Ball
1-0: Ball
2-0: Called Strike
2-1: Ball
3-1: Foul Ball, location: 2F
3-2: Base on Balls
Batting: LHB Francisco Ortega 0-0: Ball
Throwing error on steal attempt, E2
Kenneth Noid to third
1-0: Called Strike
1-1: Swinging Strike
1-2: Strikes out looking
Batting: LHB Augustus Driscoll 0-0: Ball
1-0: Foul Ball, location: 2F
1-1: Ball
2-1: SINGLE (Groundball, 34D)
Kenneth Noid scores
Pitching: RHP Luis Cardona
Batting: RHB Rhett Barry 0-0: Ball
1-0: Ball
2-0: Foul Ball, location: 2F
2-1: Foul Ball, location: 2F
2-2: Fly out, F7 (Line Drive, 7)
Batting: LHB Fa-tang Wang 0-0: Ball
Augustus Driscoll is caught stealing 2nd base
Top of the 7th over - 1 run(s), 1 hit(s), 1 error(s), 0 left on base; Sioux Falls 7 - Tortolita 10
BOTTOM OF THE 7TH
Tortolita Drummers batting - Pitching for Sioux Falls Red Pandas : RHP Isei Sugimoto
Batting: RHB Sean Godron 0-0: Ball
1-0: Fly out, F7 (Flyball, 7)
Batting: RHB Nathan Horton 0-0: Ball
1-0: Ball
2-0: Fly out, F8 (Line Drive, 8LD)
Batting: LHB Jesús Morales 0-0: Ground out 3-1 (Groundball, 34)
Bottom of the 7th over - 0 run(s), 0 hit(s), 0 error(s), 0 left on base; Sioux Falls 7 - Tortolita 10
TOP OF THE 8TH
Sioux Falls Red Pandas batting - Pitching for Tortolita Drummers : RHP Luis Cardona
Batting: LHB Fa-tang Wang 0-0: Ball
Error on foul ball, E3
1-1: Ball
2-1: Foul Ball, location: 2F
2-2: Foul Ball, location: 2F
2-2: Ball
3-2: Strikes out looking
Batting: RHB Arturo Scantlebury 0-0: Ball
1-0: Ball
2-0: Called Strike
2-1: Ball
3-1: Called Strike
3-2: Strikes out looking
Batting: RHB Jesús Vásquez 0-0: Ball
1-0: Called Strike
1-1: Swinging Strike
1-2: Fly out, F9 (Flyball, 9)
Top of the 8th over - 0 run(s), 0 hit(s), 1 error(s), 0 left on base; Sioux Falls 7 - Tortolita 10
BOTTOM OF THE 8TH
Tortolita Drummers batting - Pitching for Sioux Falls Red Pandas : RHP Isei Sugimoto
Batting: RHB Eddie O'Bryan 0-0: Foul Ball, location: 2F
0-1: Ball
1-1: Ball
2-1: Foul Ball, location: 2F
2-2: Ball
3-2: Base on Balls
Batting: RHB Stephen Blair 0-0: Ball
1-0: Ball
2-0: Ball
3-0: Base on Balls
Eddie O'Bryan to second
Batting: RHB Dave King 0-0: Called Strike
0-1: Ball
1-1: Swinging Strike
1-2: Ball
2-2: Foul Ball, location: 2F
2-2: Strikes out swinging
Pitching: RHP Jim Unknown
Batting: LHB Carl Gore 0-0: Ball
1-0: Called Strike
1-1: Swinging Strike
1-2: Strikes out swinging
Batting: RHB Gilberto Juárez 0-0: Called Strike
0-1: Called Strike
0-2: Foul Ball, location: 2F
0-2: Ball
1-2: Foul Ball, location: 2F
1-2: Ball
2-2: Strikes out looking
Bottom of the 8th over - 0 run(s), 0 hit(s), 0 error(s), 2 left on base; Sioux Falls 7 - Tortolita 10
TOP OF THE 9TH
Sioux Falls Red Pandas batting - Pitching for Tortolita Drummers : RHP Luis Cardona
Pitching: RHP Pedro Figueroa
Batting: RHB Apu Nahasapeemapetilon 0-0: SINGLE (Groundball, 4MS) (infield hit)
Batting: LHB Homer Spence 0-0: Ball
1-0: Ball
2-0: Called Strike
2-1: Called Strike
2-2: Ball
3-2: Foul Ball, location: 2F
3-2: Strikes out swinging
Batting: RHB Kenneth Noid 0-0: Called Strike
0-1: Ball
1-1: Ball
2-1: Swinging Strike
2-2: SINGLE (Line Drive, 78S)
Apu Nahasapeemapetilon to second
Pinch Hitting: LHB Jerry Wilson 0-0: SINGLE (Flyball, 78S)
Apu Nahasapeemapetilon to third
Kenneth Noid to second
Pinch Hitting: LHB Armando Becerra 0-0: Called Strike
0-1: Swinging Strike
0-2: Ball
1-2: Ball
2-2: Ball
3-2: Base on Balls
Apu Nahasapeemapetilon scores
Kenneth Noid to third
Jerry Wilson to second
Pinch Hitting: SHB Eric O'Neill 0-0: Ball
1-0: Called Strike
1-1: Called Strike
1-2: Strikes out swinging
Batting: LHB Fa-tang Wang 0-0: Called Strike
0-1: Foul Ball, location: 2F
0-2: Ball
1-2: Ball
2-2: Ball
3-2: SINGLE (Flyball, 7S)
Kenneth Noid scores
Jerry Wilson to third
Armando Becerra to second
Jerry Wilson scores
Armando Becerra to third
Pitching: RHP Jim Unknown
Pinch Hitting: LHB Jim Unknown 0-0: Ball
1-0: Ball
2-0: Fly out, F9 (Flyball, 9LS)
Top of the 9th over - 3 run(s), 4 hit(s), 0 error(s), 2 left on base; Sioux Falls 10 - Tortolita 10
BOTTOM OF THE 9TH
Tortolita Drummers batting - Pitching for Sioux Falls Red Pandas : RHP Jim Unknown
Pitching: RHP Jim Unknown
Now at 1B: Armando Becerra
Now at 3B: Jim Unknown
Now in LF: Jerry Wilson
Now in RF: Eric O'Neill
Pinch Hitting: RHB Enrique Marroquín 0-0: Called Strike
0-1: Foul Ball, location: 2F
0-2: Foul Ball, location: 2F
0-2: Ball
1-2: SINGLE (Line Drive, 9S)
Pinch Hitting: RHB Vernon Caw 0-0: Ball
1-0: Called Strike
1-1: Grounds into double play, 5-4-3 (Groundball, 5)
Batting: RHB Nathan Horton 0-0: Ball
1-0: Ball
2-0: Ball
3-0: Called Strike
3-1: Ground out 5-3 (Groundball, 5D)
Bottom of the 9th over - 0 run(s), 1 hit(s), 0 error(s), 0 left on base; Sioux Falls 10 - Tortolita 10
TOP OF THE 10TH
Sioux Falls Red Pandas batting - Pitching for Tortolita Drummers : RHP Jim Unknown
Now at 3B: Vernon Caw
Now in RF: Enrique Marroquín
Batting: RHB Jesús Vásquez 0-0: Called Strike
0-1: Foul Ball, location: 2F
0-2: Fly out, F7 (Flyball, 78M)
Batting: RHB Apu Nahasapeemapetilon 0-0: SINGLE (Line Drive, 34)
Batting: LHB Homer Spence 0-0: Ball
1-0: Swinging Strike
1-1: Foul Ball, location: 2F
1-2: Ball
2-2: Strikes out swinging
Batting: RHB Kenneth Noid 0-0: Called Strike
0-1: Foul Ball, location: 2F
0-2: Strikes out swinging
Top of the 10th over - 0 run(s), 1 hit(s), 0 error(s), 1 left on base; Sioux Falls 10 - Tortolita 10
BOTTOM OF THE 10TH
Tortolita Drummers batting - Pitching for Sioux Falls Red Pandas : RHP Jim Unknown
Batting: LHB Jesús Morales 0-0: Called Strike
0-1: Ball
1-1: Swinging Strike
1-2: Ball
2-2: Strikes out looking
Batting: RHB Eddie O'Bryan 0-0: Called Strike
0-1: SINGLE (Groundball, 6MD)
Batting: RHB Stephen Blair 0-0: Called Strike
0-1: Ball
1-1: Swinging Strike
1-2: Strikes out swinging
Batting: RHB Dave King 0-0: Fly out, F4 (Popup, 34)
Bottom of the 10th over - 0 run(s), 1 hit(s), 0 error(s), 1 left on base; Sioux Falls 10 - Tortolita 10
TOP OF THE 11TH
Sioux Falls Red Pandas batting - Pitching for Tortolita Drummers : RHP Jim Unknown
Batting: LHB Jerry Wilson 0-0: Ball
1-0: Called Strike
1-1: Swinging Strike
1-2: Strikes out swinging
Batting: LHB Armando Becerra 0-0: Called Strike
0-1: Ball
1-1: Ball
2-1: Ball
3-1: DOUBLE (Flyball, 89XD)
Batting: SHB Eric O'Neill 0-0: Called Strike
0-1: Ground out 6-3 (Groundball, 6)
Pitching: RHP Mike Desmond
Batting: LHB Fa-tang Wang 0-0: SINGLE (Line Drive, 8LS)
Armando Becerra to third
Runner from 3rd tries for Home, SAFE, no throw
Batting: LHB Jim Unknown 0-0: Ball
1-0: Ball
2-0: Swinging Strike
2-1: Ball
3-1: Foul Ball, location: 2F
3-2: Strikes out looking
Top of the 11th over - 1 run(s), 2 hit(s), 0 error(s), 1 left on base; Sioux Falls 11 - Tortolita 10
BOTTOM OF THE 11TH
Tortolita Drummers batting - Pitching for Sioux Falls Red Pandas : RHP Jim Unknown
Pitching: RHP Jim Unknown
Batting: LHB Carl Gore 0-0: Ball
1-0: Ball
2-0: Ground out 5-3 (Groundball, 56S)
Batting: RHB Gilberto Juárez 0-0: Called Strike
0-1: SINGLE (Groundball, 4MD)
Batting: RHB Enrique Marroquín 0-0: Foul Ball, location: 2F
0-1: Ball
1-1: Ball
2-1: Grounds into double play, 5-4-3 (Groundball, 56)
Bottom of the 11th over - 0 run(s), 1 hit(s), 0 error(s), 0 left on base; Sioux Falls 11 - Tortolita 10
Saturday, May 26th, 2018 - OOTP Baseball 17.12 Build 75